General information
- name: BNet
- type: Ladder team game (AT/RT)
- host: Battle.net
- saver: PermanentWig
map: SilverpineForest
- players: 6
- length: 05:52
- speed: Fast
- version: 1.27 W3XP
- replay type:

» download(39 KB)
Players
team 1 (loser)
Dialt (
green | 48 APM | 275 actions | 05:47)
1 Mountain King
1 Storm Bolt
» actions
| Basic commands | 6 | |
| Build / train | 17 | |
| Enter build submenu | 11 | |
| Enter hero's abilities submenu | 1 | |
| Right click | 108 | |
| Select / deselect | 115 | |
| Use ability | 17 | |
275 total
» units
» buildings
| Altar of Kings | 1 | |
| Barracks | 1 | |
| Farm | 4 | |
| Blacksmith | 1 | |
| Lumber Mill | 1 | |
| Arcane Vault | 1 | |
| Scout Tower | 1 | |
| Arcane Tower | 1 | |
11 total
» build order
00:05 Altar of Kings
00:11 Barracks
00:17 Farm
00:33 Farm
02:18 Blacksmith
02:28 Farm
02:55 Lumber Mill
03:00 Arcane Vault
03:49 Scout Tower
04:24 Arcane Tower
05:36 Farm
Goofson (
blue | 65 APM | 381 actions | 05:50)
2 Archmage
1 Summon Water Elemental
1 Brilliance Aura
» actions
| Assign group hotkey | 7 | |
| Basic commands | 1 | |
| Build / train | 19 | |
| Enter build submenu | 9 | |
| Enter hero's abilities submenu | 2 | |
| Right click | 180 | |
| Select / deselect | 79 | |
| Select group hotkey | 67 | |
| Use ability | 17 | |
381 total
» units
» buildings
| Altar of Kings | 1 | |
| Farm | 3 | |
| Barracks | 1 | |
| Blacksmith | 1 | |
| Arcane Vault | 1 | |
| Keep | 3 | |
| Scout Tower | 1 | |
| Arcane Tower | 1 | |
12 total
» build order
00:04 Altar of Kings
00:17 Farm
00:42 Barracks
01:22 Farm
01:40 Blacksmith
02:44 Arcane Vault
03:21 Keep
03:21 Keep
03:25 Scout Tower
03:54 Arcane Tower
03:56 Farm
» items
Sart (
pink | 81 APM | 462 actions | 05:41)
1 Blademaster
1 Wind Walk
» actions
| Build / train | 26 | |
| Enter build submenu | 14 | |
| Enter hero's abilities submenu | 1 | |
| Right click | 311 | |
| Select / deselect | 90 | |
| Use ability | 20 | |
462 total
» units
» upgrades
» buildings
| Altar of Storms | 1 | |
| Orc Burrow | 4 | |
| Barracks | 1 | |
| Voodoo Lounge | 1 | |
| War Mill | 1 | |
| Stronghold | 1 | |
9 total
» build order
00:04 Altar of Storms
00:30 Orc Burrow
00:57 Barracks
01:38 Voodoo Lounge
02:05 Orc Burrow
02:13 War Mill
02:53 Orc Burrow
03:30 Stronghold
03:49 Orc Burrow
» items
| Healing Salve | 3 | |
| Scroll of Speed | 2 | |
| Lesser Clarity Potion | 3 | |
8 total
team 2 (winner)
Goofdad (
yellow | 73 APM | 426 actions | 05:51)
2 Blademaster
1 Wind Walk
1 Critical Strike
» actions
| Assign group hotkey | 4 | |
| Build / train | 23 | |
| Enter build submenu | 14 | |
| Enter hero's abilities submenu | 2 | |
| Give item / drop item | 1 | |
| Right click | 196 | |
| Select / deselect | 47 | |
| Select group hotkey | 116 | |
| Use ability | 23 | |
426 total
» units
» upgrades
» buildings
| Altar of Storms | 1 | |
| Orc Burrow | 2 | |
| War Mill | 1 | |
| Voodoo Lounge | 3 | |
| Watch Tower | 7 | |
| Stronghold | 1 | |
15 total
» build order
00:02 Altar of Storms
00:07 Orc Burrow
00:21 War Mill
01:14 Voodoo Lounge
01:44 Watch Tower
02:08 Watch Tower
02:43 Orc Burrow
02:49 Watch Tower
03:33 Voodoo Lounge
03:50 Watch Tower
03:52 Watch Tower
04:54 Voodoo Lounge
04:57 Watch Tower
04:58 Stronghold
05:01 Watch Tower
» items
| Healing Salve | 1 | |
| Lesser Clarity Potion | 2 | |
| Staff of Teleportation | 1 | |
| Boots of Speed | 1 | |
| Circlet of Nobility | 1 | |
6 total
Patt-Schmalpern (
orange | 111 APM | 650 actions | 05:51)
2 Archmage
1 Blizzard
1 Brilliance Aura
» actions
| Assign group hotkey | 167 | |
| Basic commands | 1 | |
| Build / train | 38 | |
| Enter build submenu | 18 | |
| Enter hero's abilities submenu | 2 | |
| Right click | 229 | |
| Select / deselect | 75 | |
| Select group hotkey | 75 | |
| Use ability | 44 | |
650 total
» units
» upgrades
» buildings
| Altar of Kings | 1 | |
| Lumber Mill | 1 | |
| Farm | 2 | |
| Scout Tower | 24 | |
| Arcane Tower | 5 | |
| Guard Tower | 10 | |
| Arcane Vault | 1 | |
| Keep | 1 | |
45 total
» build order
00:04 Altar of Kings
00:18 Lumber Mill
00:20 Farm
00:59 Farm
01:07 Scout Tower
01:08 Scout Tower
01:08 Scout Tower
01:20 Scout Tower
01:21 Scout Tower
01:23 Scout Tower
01:44 Arcane Tower
01:44 Arcane Tower
01:44 Arcane Tower
02:04 Guard Tower
02:27 Guard Tower
02:28 Scout Tower
02:29 Scout Tower
02:39 Guard Tower
02:40 Scout Tower
03:02 Arcane Tower
03:03 Scout Tower
03:04 Scout Tower
03:05 Scout Tower
03:06 Guard Tower
03:27 Scout Tower
03:27 Scout Tower
03:27 Scout Tower
03:28 Scout Tower
03:29 Guard Tower
03:39 Arcane Vault
03:42 Guard Tower
03:44 Scout Tower
03:45 Scout Tower
03:45 Scout Tower
03:46 Scout Tower
04:29 Keep
04:30 Guard Tower
04:48 Guard Tower
04:49 Guard Tower
05:28 Guard Tower
05:31 Scout Tower
05:31 Scout Tower
05:32 Scout Tower
05:32 Scout Tower
» items
| Boots of Speed | 1 | |
| Staff of Teleportation | 1 | |
2 total
PermanentWig (
teal | 89 APM | 521 actions | 05:52)
1 Warden
1 Shadow Strike
» actions
| Assign group hotkey | 5 | |
| Basic commands | 4 | |
| Build / train | 30 | |
| Enter build submenu | 3 | |
| Enter hero's abilities submenu | 1 | |
| Right click | 375 | |
| Select / deselect | 57 | |
| Select group hotkey | 12 | |
| Use ability | 34 | |
521 total
» units
» buildings
| Altar of Elders | 1 | |
| Moon Well | 2 | |
| Tree of Ages | 4 | |
7 total
» build order
00:12 Altar of Elders
00:18 Moon Well
01:41 Moon Well
05:08 Tree of Ages
05:08 Tree of Ages
05:09 Tree of Ages
» items
| Staff of Teleportation | 1 | |
| Boots of Speed | 1 | |
2 total
Chat log
(00:09 / All) Patt-Schmalpern: gl hf
(00:15 / All) Goofdad: Hey son.
(00:19 / All) Goofson: SUP?
(00:50 / Allies) PermanentWig: gonna be hard to do early game on a call...
(00:57 / Allies) Goofdad: just harass
(00:59 / Allies) Goofdad: and prep for tower rush
(02:22 / Allies) PermanentWig: my towers
(03:53 / Allies) Goofdad: lum
(03:59 / All) Goofdad: n...no
(04:05 / All) Goofdad: i've searched 4 too long to find U my goof son
(04:30 / All) PermanentWig: from?
(04:31 / All) Dialt: uruguay
(04:34 / All) PermanentWig: cool
(04:36 / All) Goofdad: Do Not Lie I Command U
(05:36 / All) Goofdad: Stop THE LAG!
(05:41 / All) PermanentWig: pls manner
(05:44 / All) Goofdad: PLEASE STOP!!
(05:45 / All) PermanentWig: no....
(05:48 / All) Patt-Schmalpern: no good...